 Dungeon Sprint DCSS version 0.27-a0-686-gaed091b46b (webtiles) character file.

Game seed: 12264276950491895463

5950 mhtbhm the Severer (level 10, -18/99 HPs)
             Began as a Minotaur Fighter on Mar 20, 2021.
             Was a High Priest of Trog.
             Killed from afar by an ancient lich (117 damage)
             ... with a crystal spear
             ... in the Dungeon (Sprint VII: "The Pits").
             The game lasted 00:02:19 (2101 turns).

mhtbhm the Severer (Minotaur Fighter)               Turns: 2101, Time: 00:02:21

Health: -18/99     AC: 18    Str: 24    XL:     10   Next: 54%
Magic:  9/9        EV: 13    Int:  8    God:    Trog [*****.]
Gold:   0          SH: 14    Dex: 10    Spells: 9/9 levels left

rFire    . . .     SeeInvis .   a - +2 war axe (vorpal)
rCold    . . .     Faith    .   c - +0 kite shield
rNeg     . . .     Spirit   .   b - +4 chain mail
rPois    .         Reflect  .   (helmet restricted)
rElec    .         Harm     .   (no cloak)
rCorr    .         Rampage  .   (no gloves)
Will     .....     NoTele   +   r - +0 pair of boots
Stlth    ..........             (no amulet)
HPRegen  0.26/turn              n - +3 ring of intelligence
MPRegen  0.11/turn              o - +3 ring of evasion

@: no status effects
A: horns 2, retaliatory headbutt
a: Renounce Religion, Berserk, Trog's Hand, Brothers in Arms


You were in the Dungeon.
You worshipped Trog.
Trog was extremely pleased with you.
You visited 1 branch

Inventory:

Hand Weapons
 a - a +2 vorpal war axe (weapon)
Armour
 b - a +4 chain mail (worn)
 c - a +0 kite shield (worn)
 r - a +0 pair of boots (worn)
Jewellery
 n - a +3 ring of intelligence (right hand)
 o - a +3 ring of evasion (left hand)
Wands
 m - a wand of polymorph (8)
Scrolls
 j - a scroll of blinking
 l - a scroll of summoning
Potions
 d - 3 potions of might
 e - 5 potions of curing
 f - 7 potions of heal wounds
 g - 2 potions of haste
 h - 4 potions of magic
 i - 3 potions of berserk rage
 k - 2 potions of invisibility
 p - 2 potions of resistance
 q - 3 potions of mutation


   Skills:
 + Level 12.5 Fighting
 + Level 16.4 Axes
 + Level 14.5 Armour
 + Level 5.6 Dodging
 + Level 1.2 Stealth
 + Level 14.6 Shields


You had 9 spell levels left.
You didn't know any spells.
Your spell library was empty.

Dungeon Overview and Level Annotations

Branches:
Dungeon (1/1)

Altars:
Ashenzari
Cheibriados
Dithmenos
Elyvilon
Fedhas
Gozag
Hepliaklqana
Kikubaaqudgha
Makhleb
Nemelex Xobeh
Okawaru
Qazlal
Ru
Sif Muna
Trog
Uskayaw
Vehumet
Wu Jian
Xom
Yredelemnul
Zin
The Shining One
Beogh
Jiyva
Lugonu


Innate Abilities, Weirdness & Mutations

You have a pair of horns on your head.
You reflexively headbutt those who attack you in melee.


Message History

You slice the sun demon!!
You headbutt the sun demon, but do no damage.
The sun demon is almost dead.
The sun demon hits you.
You are engulfed in flames!!
You are too injured to fight recklessly!
You are too injured to fight recklessly!
You are too injured to fight recklessly!
You are too injured to fight recklessly!
You are too injured to fight recklessly!
You are too injured to fight recklessly!
You are too injured to fight recklessly!
You are too injured to fight recklessly!
You are too injured to fight recklessly!
You are too injured to fight recklessly!
You are too injured to fight recklessly!
You are too injured to fight recklessly!
You slice the sun demon!!
You kill the sun demon!
Trog accepts your kill.
You see here a polar bear corpse.
You feel a strong urge to attack something.
You are no longer berserk.
You are exhausted.
You feel yourself slow down.
You see here a polar bear corpse.
You start resting.
You feel yourself speed up.
You start resting.
You feel your willpower return.
You start resting.
You recover from your berserk rage.
You start resting.
HP restored.
You open the large door.
An ancient lich comes into view.
The ancient lich shouts!
The ancient lich casts a spell at you. The crystal spear hits you!!!!
Ouch! That really hurt!
You die...

#+# #L# #'#
################'#
................@#
.................#
+##############..#
#†.# #..# #..#
#..# #..# #..#


You could see an ancient lich.

Vanquished Creatures
  A sun demon (D)
  A sixfirhy (D)
  A sea snake (D)
  A lindwurm (D)
  A phantasmal warrior (D)
  A wizard (D)
  A wolf spider (D)
  A manticore (D)
  A polar bear (D)
  A guardian mummy (D)
  A redback (D)
  A floating eye (D)
  A necrophage (D)
  A wolf (D)
  A small abomination (D)
  A crimson imp (D)
  2 orc priests (D)
  Ijyb (D)
  An orc wizard (D)
  2 iguanas (D)
  2 gnolls (D)
  An adder (D)
  A river rat (D)
  2 leopard geckos (D)
  5 orcs (D)
  A giant cockroach (D)
  A hobgoblin (D)
  3 jackals (D)
  A ball python zombie (D)
  A kobold (D)
  A leopard gecko zombie (D)
  A rat (D)
42 creatures vanquished.

Vanquished Creatures (collateral kills)
  An emperor scorpion (D)
1 creature vanquished.

Grand Total: 43 creatures vanquished

Notes
Turn   | Place    | Note
-------+----------+-------------------------------------------
     0 | D        | mhtbhm the Minotaur Fighter began the quest for the Orb.
     0 | D        | Reached XP level 1. HP: 19/19 MP: 0/0
    22 | D        | Found a bloodstained altar of Trog.
    22 | D        | Found a shimmering blue altar of Sif Muna.
    22 | D        | Found a viscous altar of Jiyva.
    22 | D        | Found a hazy altar of Hepliaklqana.
    22 | D        | Found an opulent altar of Gozag.
    23 | D        | Found a glowing golden altar of the Shining One.
    23 | D        | Found a glowing silver altar of Zin.
    23 | D        | Found a basalt altar of Yredelemnul.
    23 | D        | Found a shimmering altar of Xom.
    23 | D        | Found an ornate altar of the Wu Jian Council.
    23 | D        | Found a sacrificial altar of Ru.
    23 | D        | Found a stormy altar of Qazlal.
    23 | D        | Found an iron altar of Okawaru.
    23 | D        | Found a sparkling altar of Nemelex Xobeh.
    23 | D        | Found a burning altar of Makhleb.
    23 | D        | Found a blossoming altar of Fedhas.
    23 | D        | Found a white marble altar of Elyvilon.
    23 | D        | Found a shadowy altar of Dithmenos.
    23 | D        | Found a snail-covered altar of Cheibriados.
    25 | D        | Found a radiant altar of Vehumet.
    25 | D        | Found a corrupted altar of Lugonu.
    27 | D        | Became a worshipper of Trog the Wrathful
    71 | D        | Reached XP level 2. HP: 28/28 MP: 1/1
   156 | D        | Reached * piety under Trog
   157 | D        | Reached skill level 5 in Fighting
   157 | D        | Reached skill level 3 in Axes
   157 | D        | Reached skill level 5 in Armour
   157 | D        | Reached skill level 5 in Shields
   161 | D        | Noticed Ijyb
   162 | D        | Noticed a floating eye
   165 | D        | Paralysed by a floating eye for 3 turns
   168 | D        | Reached ** piety under Trog
   170 | D        | Killed a floating eye
   171 | D        | Reached skill level 4 in Axes
   171 | D        | Reached skill level 1 in Dodging
   171 | D        | Reached XP level 3. HP: 39/39 MP: 2/2
   171 | D        | Reached XP level 4. HP: 47/47 MP: 3/3
   175 | D        | Killed Ijyb
   176 | D        | Reached XP level 5. HP: 48/52 MP: 4/4
   182 | D        | Reached *** piety under Trog
   183 | D        | Reached skill level 5 in Axes
   407 | D        | Noticed a wolf
   415 | D        | Killed a wolf
   416 | D        | Reached skill level 6 in Axes
   418 | D        | Reached XP level 6. HP: 62/62 MP: 5/5
   424 | D        | Reached **** piety under Trog
   450 | D        | Reached skill level 7 in Axes
   457 | D        | Reached ***** piety under Trog
   617 | D        | Reached skill level 8 in Axes
   617 | D        | Reached skill level 10 in Armour
   763 | D        | Noticed a sea snake
   773 | D        | Killed a sea snake
   774 | D        | Reached skill level 11 in Axes
   774 | D        | Reached skill level 10 in Shields
   774 | D        | Reached XP level 7. HP: 53/71 MP: 6/6
   774 | D        | Reached XP level 8. HP: 59/79 MP: 7/7
   775 | D        | Received a gift from Trog
   779 | D        | Reached ****** piety under Trog
  1155 | D        | Found a hide-covered altar of Uskayaw.
  1155 | D        | Found an ancient bone altar of Kikubaaqudgha.
  1155 | D        | Found a broken altar of Ashenzari.
  1183 | D        | Noticed a lindwurm
  1194 | D        | Killed a lindwurm
  1195 | D        | Reached skill level 10 in Fighting
  1195 | D        | Reached skill level 12 in Axes
  1371 | D        | Noticed a sixfirhy
  1371 | D        | Noticed a wizard
  1386 | D        | Killed a sixfirhy
  1387 | D        | Reached skill level 13 in Axes
  1387 | D        | Reached skill level 1 in Stealth
  1387 | D        | Reached XP level 9. HP: 86/86 MP: 8/8
  1389 | D        | Killed a wizard
  1390 | D        | Reached skill level 14 in Axes
  1481 | D        | Noticed a manticore
  1484 | D        | Noticed an emperor scorpion
  1491 | D        | Killed a manticore
  1518 | D        | Killed an emperor scorpion
  1518 | D        | Received a gift from Trog
  1519 | D        | Reached skill level 15 in Axes
  1519 | D        | Reached skill level 5 in Dodging
  1519 | D        | Reached XP level 10. HP: 26/97 MP: 9/9
  1786 | D        | Noticed a wolf spider
  1791 | D        | Killed a wolf spider
  1903 | D        | Noticed a sun demon
  1903 | D        | Noticed a phantasmal warrior
  1914 | D        | Killed a phantasmal warrior
  1915 | D        | Reached skill level 16 in Axes
  1916 | D        | Killed a sun demon
  2101 | D        | Noticed an ancient lich
  2101 | D        | Killed from afar by an ancient lich

Illustrated notes

Levels and vault maps discovered:
D:        pitsprint [storerooms_1, entrance_room_1, metal_vault_5, armoury_2,
          mini_pit_1, grid_room_1, main_hall_1, silver_pit, the_coven_2,
          the_vestibule_1, steel_vault_5, golden_pit, hallway_of_sentries,
          crystal_vault_4, iron_vault_4, final_vault]

Skill      XL: |  1  2  3  4  5  6  7  8  9 10 |
---------------+-------------------------------+-----
Fighting       | 4 7 8 9 10 11 12 | 12.5
Armour         | 4 7 9 11 12 13 14 | 14.5
Shields        | 4 7 8 10 12 13 14 | 14.6
Axes           | 4 6 11 13 15 16 | 16.4
Dodging        | 1 3 4 5 |  5.6
Stealth        | 1 |  1.2

Action                   |  1- 3 |  4- 6 |  7- 9 | 10-12 || total
-------------------------+-------+-------+-------+-------++-------
Melee: Hand axe          |    15 |    82 |     5 |       ||   102
       War axe           |     3 |       |    56 |    18 ||    77
       Headbutt          |     2 |    10 |    10 |     5 ||    27
Invok: Berserk           |     1 |     2 |     2 |     1 ||     6
       Brothers in Arms  |       |       |     1 |       ||     1
  Use: Potion            |       |       |     2 |       ||     2
Armor: Scale mail        |    12 |     4 |       |       ||    16
       Chain mail        |       |    38 |    24 |     9 ||    71
Dodge: Dodged            |     8 |    19 |    19 |     5 ||    51
Block: Kite shield       |    14 |    48 |    41 |     8 ||   111

Table legend: (Time is in decaauts)
 A = Elapsed time spent in this place.
 B = Non-inter-level travel time spent in this place.
 C = Inter-level travel time spent in this place.
 D = Time resting spent in this place.
 E = Time spent auto-exploring this place.
 F = Levels seen in this place.
 G = Mean time per level.
                   A        B        C        D        E       F      G
               +--------+--------+--------+--------+--------+-----+--------+
         Total |   2138 |   2138 |      0 |   1307 |    304 |   1 | 2138.0 |
       Dungeon |   2138 |   2138 |      0 |   1307 |    304 |   1 | 2138.0 |
               +--------+--------+--------+--------+--------+-----+--------+

Top non-repeatable levels by time:
       D: 2138 daAuts
